 Dungeon Crawl Stone Soup version 0.29.1-15-g9cfb28693d (webtiles) character file.

Game seed: 5467755208771510058

32 croobank the Sneak (level 3, 0/26 HPs)
             Began as an Octopode Delver on Mar 16, 2023.
             Succumbed to an adder's poison
             ... in a sewer.
             The game lasted 00:02:43 (345 turns).

croobank the Sneak (Octopode Delver)                 Turns: 345, Time: 00:02:44

Health: 0/26       AC:  1    Str: 13    XL:     3   Next: 27%
Magic:  1/3        EV: 13    Int: 12    God:
Gold:   28         SH:  0    Dex: 13    Spells: 2/2 levels left

rFire   . . .      SeeInvis .   a - +0 hand axe
rCold   + . .      Faith    .   (no shield)
rNeg    . . .      Spirit   +   (helmet restricted)
rPois   .          Reflect  .   k - amulet of guardian spirit
rElec   .          Harm     .   h - ring of protection from cold
rCorr   .          Rampage  .   (no ring)
Will    .....                   (no ring)
Stlth   +++++.....              (no ring)
HPRegen 0.08/turn               (no ring)
MPRegen 0.08/turn               (no ring)
                                (no ring)
                                (no ring)

@: lethally poisoned (0 -> -2), hasted, very quick
A: almost no armour, amphibious, 8 rings, camouflage 1, gelatinous body 1,
nimble swimmer 1, tentacles
a: no special abilities


You were in a sewer.
You visited 1 branch of the dungeon, and saw 4 of its levels.
You also visited: Sewer.

You collected 28 gold pieces.

Inventory:

Hand Weapons
 a - a +0 hand axe (weapon)
 g - a +0 short sword
 l - a +0 spear
Jewellery
 c - a ring of fire
 h - a ring of protection from cold (left tentacle)
 k - an amulet of guardian spirit (around mantle)
Wands
 f - a wand of digging (3)
Scrolls
 b - a scroll of fog


   Skills:
 + Level 3.3 Fighting
 + Level 2.4 Axes
 + Level 2.4 Dodging
 + Level 6.9 Stealth


You had 2 spell levels left.
You didn't know any spells.
Your spell library was empty.

Dungeon Overview and Level Annotations

Branches:
Dungeon (6/15)              Sewer (1/1)
 Temple: D:4-7

Altars:


Innate Abilities, Weirdness & Mutations

You cannot wear most types of armour.
You are amphibious.
You can wear up to eight rings at the same time.
Your skin changes colour to match your surroundings (Stealth+).
Your rubbery body absorbs attacks. (AC +1, EV +1)
You are camouflaged when in or above water. (Stealth+)
You have tentacles for arms and can constrict up to eight enemies at once.


Message History

You constrict the adder. The adder bites you. x2
* * * LOW HITPOINT WARNING * * *
You are lethally poisoned!
The adder poisons you! The rat closely misses you.
The river rat barely misses you.
You feel yourself speed up.
You constrict the adder.
You kill the adder!
* * * LOW HITPOINT WARNING * * *
You feel sick. The river rat barely misses you. The rat misses you.
You have reached level 3!
Your experience leads to an increase in your attributes!
Increase (S)trength, (I)ntelligence, or (D)exterity?
You feel stronger. x2
Unknown command.
You aren't carrying any potions.
As you read the scroll of fear, it crumbles to dust.
You assume a fearsome visage.
The rat looks frightened!
The river rat looks frightened!
* * * LOW HITPOINT WARNING * * *
You feel sick.
You barely miss the rat.
Your attack snaps the rat out of its fear.
You grab the rat. You squeeze the rat.
You kill the rat!
You closely miss the river rat.
You aren't carrying any potions.
Unknown command.
Blink to where?
Press: ? - help, Dir - move target A rat comes into view.
As you read the scroll labelled MIROWN QITI, it crumbles to dust.
It was a scroll of blinking.
* * * LOW HITPOINT WARNING * * *
You feel sick.
As you read the scroll labelled FUSI ZUNLASYOME, it crumbles to dust.
It is a scroll of identify.
You don't have any unidentified items.
* * * LOW HITPOINT WARNING * * *
You feel sick.
You die...

####..r####
####....†....####
##......†§†......##
#r......###.......#
##......#
##......## #......#
##......# ##~~~..#
#.~..~## #≈≈≈~~≈#
#~~~≈~≈# #≈≈~≈@≈#
#≈~~~≈≈# #≈≈~~≈≈#
#≈~~~≈†# #~~#~≈≈#
#≈≈~~≈≈# #≈~≈≈≈≈#
#≈≈†≈≈≈# #~≈≈≈≈≈#
#≈.~≈≈≈# #.~#≈≈≈#
#≈≈≈~≈≈# #~≈≈≈≈≈#
#≈≈~~.≈# #~~~≈≈≈#
#≈≈#~~≈# #≈~~≈~≈#


You could see a rat (asleep).

Vanquished Creatures
  An adder (Sewer)
  A river rat (Sewer)
  2 endoplasms
  2 hobgoblins (D:4)
  3 ball pythons
  A bat (D:3)
  7 rats (Sewer)
17 creatures vanquished.

Notes
Turn   | Place    | Note
-------+----------+-------------------------------------------
     0 | D:5      | croobank the Octopode Delver began the quest for the Orb.
     0 | D:5      | Reached XP level 1. HP: 16/16 MP: 1/1
     6 | D:6      | Noticed an orc wizard
    25 | D:4      | Noticed an iguana
    34 | D:4      | Noticed an iguana
   127 | D:3      | Reached XP level 2. HP: 16/21 MP: 2/2
   127 | D:3      | Found a glowing drain.
   137 | Sewer    | Entered a sewer
   340 | Sewer    | Reached XP level 3. HP: 4/26 MP: 1/3
   344 | Sewer    | HP: 1/26 [poisoned by an adder]
   345 | Sewer    | Succumbed to an adder's poison

Illustrated notes

Levels and vault maps discovered:
D:3:      layout_rooms, okawaru_ov_weapons_minmay, portal_sewer_entry_a,
          kennysheep_generic_room_6, uniq_ijyb
D:4:      layout_loops_ring, fedhas_altar_3
D:5:      layout_loops_cross, st_stairs_9, uniq_menkaure
D:6:      layout_basic, kennysheep_ying_yang
Sewer:    sewer_minmay_w

Action                   || total
-------------------------++-------
Melee: Hand axe          ||    31
       Constrict         ||     9
       Tentacles         ||     8
  Use: Scroll            ||     4
       Potion            ||     1
 Stab: Sleeping          ||     5
Armor: Skin              ||     1
Dodge: Dodged            ||    28
